 Dungeon Crawl Stone Soup version 0.17-a0-945-g601bd79 (webtiles) character file.

2166 krabocopter the Destroyer (level 9, 0/45 HPs)
             Began as a Deep Elf Conjurer on May 6, 2015.
             Was an Elder of Sif Muna.
             Slain by a killer bee (3 damage)
             ... on level 7 of the Dungeon.
             The game lasted 00:45:43 (6964 turns).

krabocopter the Destroyer (Deep Elf Conjurer)       Turns: 6964, Time: 00:45:43

Health: 0/45       AC:  6    Str: 12    XL:     9   Next: 10%
Magic:  17/24      EV: 17    Int: 22    God:    Sif Muna [****..]
Gold:   263        SH:  6    Dex: 20    Spells: 2 memorised, 22 levels left

rFire  . . .     SeeInvis +     n - +1 dagger (venom)
rCold  . . .     Clarity  .     a - +0 robe
rNeg   . . .     SustAb   .     r - +2 buckler
rPois  .         Gourm    .     v - +1 helmet {SInv}
rElec  .         Spirit   .     (no cloak)
rCorr  .         Warding  .     m - +0 pair of gloves
rMut   .         Stasis   .     E - +0 pair of boots
MR     +....                    (no amulet)
Stlth  +++.......               (no ring)
                                l - ring of protection from magic

@: mighty, agile, somewhat resistant to hostile enchantments, fairly stealthy
A: no striking features
a: Channel Energy, Forget Spell, Renounce Religion


You were on level 7 of the Dungeon.
You worshipped Sif Muna.
Sif Muna was greatly pleased with you.
You were not hungry.

You visited 1 branch of the dungeon, and saw 7 of its levels.

You collected 263 gold pieces.

Inventory:

Hand weapons
 j - a +0 short sword
 n - a +1 dagger of venom (weapon)
Armour
 a - a +0 robe (worn)
 m - a +0 pair of gloves (worn)
 r - a +2 buckler (worn)
 v - a +1 helmet of see invisible (worn)
 E - a +0 pair of boots (worn)
Jewellery
 l - a ring of protection from magic (left hand)
Magical devices
 w - a wand of draining (11)
 F - a wand of teleportation (4)
 G - a wand of disintegration (13)
 H - a wand of fireball (6)
 K - a wand of cold (5)
 L - a wand of flame (21)
Scrolls
 g - a scroll of silence {unknown}
 h - 4 scrolls of teleportation
 i - 7 scrolls of identify
 k - 2 scrolls of remove curse
 o - 3 scrolls of amnesia
 p - 2 scrolls of enchant armour {unknown}
 s - a scroll of random uselessness {unknown}
 t - 3 scrolls of recharging {unknown}
 u - a scroll of enchant weapon {unknown}
 y - a scroll of magic mapping {unknown}
Potions
 d - a potion of agility
 e - a potion of resistance {unknown}
 q - 2 potions of curing
 x - a potion of cancellation {unknown}
 A - a potion of might
 I - a potion of magic
Books
 b - a book of Conjurations

   Spells                             Type                      Level
   a - Magic Dart                     Conjuration                  1
   b - Searing Ray                    Conjuration                  2
   c - Dazzling Spray                 Conjuration/Hexes            3
   d - Fulminant Prism                Conjuration/Hexes            4
   e - Iskenderun's Mystic Blast      Conjuration                  4
   f - Iskenderun's Battlesphere      Conjuration/Charms           5
 B - a book of Death

   Spells                             Type                      Level
   a - Corpse Rot                     Necromancy                   2
   b - Sublimation of Blood           Necromancy                   2
   c - Agony                          Necromancy                   5
   d - Dispel Undead                  Necromancy                   5
   e - Excruciating Wounds            Charms/Necromancy            5
   f - Bolt of Draining               Conjuration/Necromancy       5
 D - a book of Battle

   Spells                             Type                      Level
   a - Infusion                       Charms                       1
   b - Shroud of Golubria             Charms/Translocation         2
   c - Song of Slaying                Charms                       2
   d - Spectral Weapon                Hexes/Charms                 3
   e - Regeneration                   Charms/Necromancy            3
Comestibles
 c - 2 bread rations
 f - 13 fruits
 z - 2 meat rations
 C - a beef jerky


   Skills:
 - Level 2.4 Dodging
 - Level 2.4 Stealth
 + Level 9.5 Spellcasting
 * Level 11.4 Conjurations


You had 22 spell levels left.
You knew the following spells:

 Your Spells              Type           Power        Failure   Level  Hunger
a - Magic Dart            Conj           ####         1%          1    None
b - Iskenderun's Mystic   Conj           ######..     1%          4    ##.....


Dungeon Overview and Level Annotations

Branches:
Dungeon (7/15)             Temple (0/1) D:5

Altars:
Dithmenos
Fedhas
Gozag
Sif Muna
Yredelemnul
The Shining One

Annotations:
D:4 Edmund


Message History

Confirm with . or Enter, or press ? or * to list all spells.
Aiming: Iskenderun's Mystic Blast
Press: ? - help, Shift-Dir - straight line, f - killer bee, p - worker ant
Aim: a killer bee (almost dead)
The orb of energy hits the worker ant.
You kill the worker ant!
The orb of energy explodes!
The mystic blast hits the killer bee.
You kill the killer bee!
Sif Muna is protecting you from the effects of miscast magic.
The killer bee barely misses you.
Casting: Iskenderun's Mystic Blast
Confirm with . or Enter, or press ? or * to list all spells.
Aiming: Iskenderun's Mystic Blast
Press: ? - help, Shift-Dir - straight line, f/p - killer bee
Aim: a killer bee (almost dead)
The orb of energy misses the killer bee. x2
The killer bee stings you.
* * * LOW HITPOINT WARNING * * *
The killer bee stings you.
You die...

##...†..###.........# ###%#####.
...####........#########.......#.
##.####.#####...............##.##
......#.# #...#####..y....#
##.##...# #.#.#####........
#.####.# #.#.##..........## ...
### #.#.##.##.#...... #####
#.#.##....)...#.# ###.@yy.......
.# ####†######. ...# #.a.# #...#
##.## .y. #..


You could see 2 killer bees.

Vanquished Creatures
  A wyvern (D:7)
  A wasp (D:7)
  A black bear (D:7)
  2 phantoms
  2 ogres (D:6)
  An orc warrior (D:7)
  2 centaurs
  2 giant frogs
  6 killer bees (D:7)
  A scorpion (D:7)
  2 crimson imps
  A centaur zombie (D:6)
  4 hounds
  3 orc priests
  A jelly (D:7)
  An orc wizard (D:7)
  Jessica (D:2)
  A quasit (D:6)
  2 worker ants
  A hound skeleton (D:6)
  A worker ant zombie (D:6)
  Robin (D:3)
  5 adders
  3 gnolls (D:5)
  An ooze (D:4)
  2 adder skeletons
  3 worms
  3 giant geckos
  26 orcs
  4 ball pythons
  9 bats
  2 bat skeletons
  13 hobgoblins
  13 jackals
  21 kobolds
  2 giant cockroaches
  4 giant newts
  26 goblins
  A jackal zombie (D:5)
  6 quokkas
  12 rats
194 creatures vanquished.

Vanquished Creatures (others)
  2 fungi (D:6)
2 creatures vanquished.

Grand Total: 196 creatures vanquished

Notes
Turn   | Place    | Note
--------------------------------------------------------------
     0 | D:1      | krabocopter, the Deep Elf Conjurer, began the quest for the Orb.
     0 | D:1      | Reached XP level 1. HP: 10/10 MP: 6/6
   280 | D:1      | Reached XP level 2. HP: 15/15 MP: 1/8
   370 | D:1      | Reached skill level 5 in Conjurations
   796 | D:1      | Reached XP level 3. HP: 19/19 MP: 6/9
  1143 | D:2      | Noticed Jessica
  1149 | D:2      | Killed Jessica
  1151 | D:2      | Reached XP level 4. HP: 24/24 MP: 2/12
  1662 | D:3      | Found an opulent altar of Gozag.
  1702 | D:3      | Learned a level 4 spell: Iskenderun's Mystic Blast
  1785 | D:3      | Reached skill level 6 in Conjurations
  1845 | D:3      | Reached XP level 5. HP: 28/28 MP: 4/13
  1950 | D:3      | Found a deep blue altar of Sif Muna.
  1950 | D:3      | Found a basalt altar of Yredelemnul.
  1990 | D:3      | Became a worshipper of Sif Muna the Loreminder
  2164 | D:3      | Found a shadowy altar of Dithmenos.
  2278 | D:4      | Noticed Robin
  2288 | D:3      | Killed Robin
  2387 | D:4      | Reached skill level 5 in Spellcasting
  2469 | D:4      | Noticed a phantom
  2516 | D:4      | Killed a phantom
  2516 | D:4      | Reached skill level 7 in Conjurations
  2516 | D:4      | Reached XP level 6. HP: 32/32 MP: 0/16
  2642 | D:4      | Noticed Edmund
  3008 | D:4      | Found a glowing golden altar of the Shining One.
  3047 | D:5      | Entered Level 5 of the Dungeon
  3550 | D:5      | Acquired Sif Muna's first power
  4005 | D:5      | Found a staircase to the Ecumenical Temple.
  4070 | D:5      | Reached skill level 8 in Conjurations
  4070 | D:5      | Reached XP level 7. HP: 33/36 MP: 10/18
  4331 | D:5      | Noticed a hippogriff
  4386 | D:6      | Found a blossoming altar of Fedhas.
  4908 | D:6      | Acquired Sif Muna's second power
  4910 | D:6      | Reached skill level 9 in Conjurations
  5464 | D:6      | Reached XP level 8. HP: 22/41 MP: 2/21
  5941 | D:7      | Reached skill level 10 in Conjurations
  6755 | D:7      | Reached skill level 11 in Conjurations
  6899 | D:7      | Reached XP level 9. HP: 45/45 MP: 14/24
  6957 | D:7      | HP: 1/45 [worker ant (5)]
  6963 | D:7      | Acquired Sif Muna's third power
  6964 | D:7      | Slain by a killer bee

Action                   |  1- 3 |  4- 6 |  7- 9 || total
-------------------------+-------+-------+-------++-------
Melee: Dagger            |     9 |    14 |    32 ||    55
 Cast: Magic Dart        |    72 |   244 |   130 ||   446
       Iskenderun's Myst |       |     3 |    46 ||    49
Invok: Channel Energy    |       |       |     1 ||     1
  Use: Scroll            |       |     2 |     3 ||     5
       Potion            |       |       |     4 ||     4
  Eat: Chunk             |     1 |     9 |    11 ||    21
       Fruit             |       |       |     2 ||     2
